Map: King's Cove LE

Players

GreyestWolf - Winner!

  • Race: Terran Terran
  • League: Master
  • Spawn Location: 11:00

RybaPieczona

  • Race: Terran Terran
  • League: Master
  • Spawn Location: 5:00

VOD

Have the link to the VOD?

Description

test

Time

  • Played on: Dec. 7, 2024, 9:46 a.m.
  • Length: 9:30
Show
View Real Time Build Order
Export as new Build Order

GreyestWolf Terran - Winner!

Build Orders:  

Get SALT Encoding   

  12  0:00  SCV  
  13  0:12  SCV  
  14  0:18  Supply Depot  
  14  0:24  SCV  
  15  0:39  SCV  
  15  0:40  Barracks  
  16  0:45  Refinery  
  16  0:51  SCV  
  16  0:55  Refinery  
  17  1:04  SCV  
  18  1:16  SCV  
  19  1:27  Reaper  
  19  1:28  Orbital Command  
  19  1:32  Supply Depot  
  20  1:45  Factory  
  20  1:54  SCV  
  21  2:05  Barracks Reactor  
  21  2:06  SCV  
  22  2:18  SCV  
  22  2:30  SCV  
  22  2:32  Command Center  
  25  2:37  Hellion  
  25  2:42  Supply Depot, SCV  
  26  2:48  Reaper  
  26  2:49  Reaper  
  28  2:57  SCV  
  29  3:04  Hellion  
  31  3:09  SCV  
  31  3:10  Starport  
  32  3:20  Reaper  
  32  3:21  SCV  
  32  3:23  Reaper  
  37  3:27  Hellion  
  37  3:33  SCV  
  38  3:34  Refinery  
  38  3:45  Orbital Command, SCV  
  39  3:49  Starport Tech Lab, Factory Tech Lab  
  39  3:55  Marine x2  
  40  3:57  SCV  
  42  4:09  Supply Depot, SCV  
  43  4:12  Cyclone  
  45  4:18  SCV  
  45  4:21  SCV  
  45  4:22  Marine x2, Raven  
  51  4:30  Interference Matrix, SCV  
  52  4:33  SCV  
  53  4:41  Supply Depot  
  53  4:42  SCV  
  53  4:43  Marine x2  
  56  4:45  SCV  
  53  4:55  SCV  
  53  4:58  SCV  
  50  5:03  Siege Tank  
  50  5:07  SCV  
  50  5:09  Marine x2  
  50  5:10  SCV  
  50  5:11  Raven  
  55  5:19  SCV  
  55  5:20  Supply Depot  
  56  5:22  SCV  
  57  5:31  SCV  
  57  5:34  Command Center, SCV  
  61  5:37  Siege Tank  
  62  5:43  SCV  
  62  5:46  SCV  
  63  5:55  SCV  
  63  5:56  Viking x2  
  63  5:57  Marine, Stimpack  
  67  6:01  SCV  
  69  6:07  SCV  
  68  6:13  SCV  
  68  6:14  Marine  
  68  6:15  Barracks x2  
  68  6:19  SCV  
  68  6:20  Siege Tank  
  72  6:25  SCV  
  72  6:26  Viking  
  72  6:31  Refinery  
  72  6:32  Supply Depot  
  75  6:33  Supply Depot  
  75  6:36  Marine  
  75  6:37  Viking  
  78  6:46  Orbital Command, SCV x2  
  80  6:54  Engineering Bay x2  
  80  6:58  SCV  
  81  7:03  Siege Tank, Barracks Reactor  
  84  7:09  Barracks Reactor  
  84  7:14  Marine  
  87  7:23  Viking  
  87  7:24  Viking  
  87  7:25  Barracks  
  87  7:26  Barracks  
  89  7:32  Marine  
  89  7:36  Siege Tank  
  93  7:42  Marine x2  
  93  7:44  SCV x2  
  97  7:47  Marine  
  97  7:48  Marine  
  97  7:49  Marine  
  98  8:00  Marine x2  
  98  8:04  Orbital Command  
  98  8:05  Marine x2, Medivac x2  
  97  8:09  SCV  
  97  8:10  SCV  
  102  8:15  Siege Tank  
  102  8:17  Marine  
  107  8:22  Barracks Reactor, SCV x2  
  107  8:23  Refinery  
  107  8:26  Refinery  
  108  8:27  Supply Depot  
  108  8:28  Supply Depot x2  
  108  8:34  Marine  
  109  8:35  Barracks Reactor  
  109  8:37  Marine x2  
  110  8:47  Marine x2  
  110  8:48  Medivac x2  
  109  8:49  SCV  
  109  8:50  SCV x2  
  109  8:51  Marine  
  113  8:57  Marine x2  
  113  9:02  SCV  
  116  9:05  Marine  
Show
View Real Time Build Order
Export as new Build Order

RybaPieczona Terran 

Build Orders: Liberator Opening 

Get SALT Encoding   

  12  0:00  SCV  
  13  0:12  SCV  
  14  0:18  Supply Depot  
  14  0:24  SCV  
  15  0:40  SCV  
  15  0:41  Barracks  
  16  0:45  Refinery  
  16  0:52  SCV  
  16  0:56  Refinery  
  17  1:04  SCV  
  18  1:16  SCV  
  19  1:28  Reaper  
  19  1:29  Orbital Command  
  20  1:37  Supply Depot  
  20  1:50  Factory  
  20  1:54  SCV  
  20  2:01  Reaper  
  22  2:06  SCV  
  23  2:13  Supply Depot  
  23  2:19  SCV  
  24  2:31  SCV  
  24  2:33  Reaper  
  24  2:34  Hellion  
  27  2:43  SCV  
  28  2:45  Starport  
  28  2:56  Hellion  
  30  3:05  Reaper  
  31  3:08  Command Center  
  31  3:11  SCV  
  32  3:18  Factory Tech Lab  
  32  3:23  SCV  
  32  3:25  Liberator  
  36  3:32  Supply Depot  
  36  3:35  SCV  
  37  3:44  Marine  
  38  3:50  SCV  
  38  3:54  Cyclone  
  42  3:56  Supply Depot  
  42  4:06  SCV  
  42  4:07  Marine  
  44  4:10  Barracks  
  42  4:18  SCV  
  41  4:26  Cyclone  
  41  4:30  SCV  
  46  4:32  Barracks Tech Lab  
  46  4:34  Starport Tech Lab  
  46  4:35  Orbital Command  
  45  4:42  SCV  
  44  4:54  SCV  
  40  5:00  SCV  
  40  5:06  SCV  
  41  5:11  Stimpack  
  41  5:12  SCV, Barracks Reactor  
  41  5:13  Siege Tank  
  45  5:18  SCV  
  46  5:23  Raven  
  46  5:24  Marine  
  46  5:25  SCV  
  50  5:30  SCV  
  51  5:37  SCV  
  51  5:39  Command Center  
  51  5:42  Marine, SCV  
  54  5:48  Barracks  
  54  5:49  SCV  
  54  5:51  Barracks  
  54  5:54  SCV  
  54  5:56  Marine x2  
  56  6:00  Marine  
  56  6:01  SCV  
  55  6:07  SCV  
  55  6:13  SCV  
  55  6:14  Marine x2  
  55  6:15  Command Center  
  55  6:16  Siege Tank  
  55  6:17  Starport Reactor  
  55  6:18  Marine  
  62  6:23  SCV  
  62  6:25  SCV  
  64  6:29  Refinery  
  64  6:30  Refinery  
  64  6:32  Marine x2  
  66  6:35  SCV  
  66  6:36  Marine  
  66  6:37  Supply Depot  
  68  6:42  Supply Depot  
  68  6:45  Barracks Reactor  
  68  6:47  SCV  
  68  6:48  SCV  
  68  6:51  Combat Shield, Barracks Reactor  
  70  6:58  Marine x3  
  73  7:06  Medivac  
  73  7:07  Medivac, SCV  
  78  7:10  SCV  
  78  7:14  Barracks, Engineering Bay  
  79  7:16  Marine x3  
  79  7:19  SCV  
  79  7:22  Marine x2, SCV  
  83  7:26  Supply Depot  
  83  7:29  Supply Depot  
  85  7:32  Supply Depot, SCV  
  85  7:33  Marine  
  85  7:34  Marine x3, SCV  
  91  7:40  Marine x3  
  97  7:51  Marine x4  
  92  8:02  SCV x2  
  92  8:04  Orbital Command  
  65  8:14  SCV  
  65  8:17  SCV  
  65  8:19  Marine x3  
  70  8:20  Starport  
  70  8:26  SCV  
  67  8:28  Barracks  
  67  8:36  Marine  
  67  8:37  Marine x2  
  67  8:39  Marine  
  57  8:50  Siege Tank  
  57  8:54  Marine x2  
  57  8:55  Marine, SCV x2  
  65  8:56  Marine  
  65  8:58  SCV  
Tags
 
Add a new tag
Caveats
  • Supply blocks, unpowered buildings, or Contaminate may cause inaccurate times.
  • Supply counts are checked every 10 seconds.